 Dungeon Crawl Stone Soup version 0.20-a0-738-gb057e68 (webtiles) character file.

119 Alarkh the Slasher (level 4, -4/37 HPs)
             Began as a Demonspawn Monk on Feb 23, 2017.
             Was a Priest of Wu Jian.
             Slain by an ice beast (9 damage)
             ... on level 3 of the Dungeon.
             The game lasted 00:07:07 (3095 turns).

Alarkh the Slasher (Demonspawn Monk)                Turns: 3095, Time: 00:07:07

Health: -4/37      AC:  2    Str: 12    XL:     4   Next: 74%
Magic:  4/4        EV: 14    Int: 12    God:    Wu Jian [***...]
Gold:   293        SH:  9    Dex: 15    Spells: 3/3 levels left

rFire    . . .     SeeInvis .   a - +0 falchion
rCold    . . .     Gourm    .   b - +0 robe
rNeg     . . .     Faith    .   l - +0 shield
rPois    .         Spirit   .   (no helmet)
rElec    .         Reflect  +   (no cloak)
rCorr    .         Harm     .   (no gloves)
MR       .....                  (no boots)
Stlth    ++........             t - +2 amulet of reflection
Regen    0.2/turn               (no ring)
MPRegen  0.1/turn               i - +3 ring of evasion

@: no status effects
A: talons 1, powered by death 1
a: Renounce Religion


You were on level 3 of the Dungeon.
You worshipped Wu Jian.
Wu Jian was most pleased with you.
You were very hungry.

You visited 1 branch of the dungeon, and saw 4 of its levels.

You collected 293 gold pieces.

Inventory:

Hand Weapons
 a - a +0 falchion (weapon)
Armour
 b - a +0 robe (worn)
 l - a +0 shield (worn)
Jewellery
 i - a +3 ring of evasion (left hand)
 t - a +2 amulet of reflection (around neck)
Scrolls
 e - a scroll of identify
 f - a scroll of teleportation {unknown}
 h - 2 scrolls of fog
 j - a scroll of enchant weapon {unknown}
 k - a scroll of recharging {unknown}
 n - a scroll of remove curse {unknown}
 s - a scroll of magic mapping {unknown}
 u - a scroll of immolation {unknown}
Potions
 d - a potion of haste
 g - a potion of curing
 m - a potion of flight
 o - a potion of brilliance {unknown}
 q - a potion of magic {unknown}
Comestibles
 c - 4 bread rations
 p - a fruit


   Skills:
 + Level 3.8 Fighting
 * Level 4.0 Long Blades
 + Level 3.3 Dodging
 - Level 1.7 Stealth
 + Level 0.3 Shields


You had 3 spell levels left.
You didn't know any spells.

Dungeon Overview and Level Annotations

Branches:
Dungeon (4/15)
 Temple: D:4-7

Altars:
Dithmenos
Wu Jian


Innate Abilities, Weirdness & Mutations

You have sharp toenails.
You regenerate a little health from kills.


Message History

You have no room to wall jump.
You spin and attack the ice beast.
You hit the ice beast but do no damage.
You claw the ice beast, but do no damage.
The ice beast is lightly wounded.
The ice beast hits you. The ice beast freezes you!
You see here 3 tomahawks.
You block the ice beast's attack.
You have no room to wall jump.
You spin and attack the ice beast.
You hit the ice beast but do no damage.
You claw the ice beast, but do no damage.
The ice beast hits you. The ice beast freezes you!
You spin and attack the ice beast.
You closely miss the ice beast. The ice beast barely misses you.
The ice beast hits you. The ice beast freezes you!
* * * LOW HITPOINT WARNING * * *
The ice beast is distracted by your jump.
You hit the ice beast but do no damage. The ice beast hits you.
* * * LOW HITPOINT WARNING * * *
The ice beast freezes you!
You die...

#...(.......#
#...#...>.#.##
#...#.....#..#
###.###.###..##
#[..........#
###...##.#%.#
#####.ยง##....#
#......####..#
#.###@#####..####
#.Y.........#
########.##.# #.#
# #.# #.# #.# #.#
#(.


You could see an ice beast.

Vanquished Creatures
  A gnoll (D:1)
  3 adders
  2 dart slugs
  3 worms (D:2)
  10 bats
  3 giant cockroaches
  6 hobgoblins
  5 jackals (D:3)
  A quokka (D:2)
  3 frilled lizards
  5 goblins
  13 kobolds
  12 rats
67 creatures vanquished.

Vanquished Creatures (others)
  An adder (D:3)
  A fungus (D:1)
2 creatures vanquished.

Grand Total: 69 creatures vanquished

Notes
Turn   | Place    | Note
-------+----------+-------------------------------------------
     0 | D:1      | Alarkh the Demonspawn Monk began the quest for the Orb.
     0 | D:1      | Reached XP level 1. HP: 18/18 MP: 1/1
   298 | D:1      | Gained mutation: You regenerate a little health from kills. [demonic ancestry]
   298 | D:1      | Reached XP level 2. HP: 24/24 MP: 2/2
   372 | D:2      | Reached skill level 3 in Long Blades
   433 | D:2      | Found an ornate altar of the Wu Jian Council.
   453 | D:2      | Became a worshipper of the Wu Jian Council
   453 | D:2      | Reached * piety under Wu Jian
   453 | D:2      | Reached ** piety under Wu Jian
   511 | D:2      | Found a shadowy altar of Dithmenos.
  1144 | D:2      | Reached XP level 3. HP: 13/29 MP: 3/3
  1844 | D:1      | Gained mutation: You have sharp toenails. [demonic ancestry]
  1844 | D:1      | Reached XP level 4. HP: 24/36 MP: 4/4
  2447 | D:3      | Reached skill level 4 in Long Blades
  2707 | D:3      | Noticed an ice beast
  2708 | D:3      | Reached *** piety under Wu Jian
  3095 | D:3      | Slain by an ice beast

Vault maps used:
D:1:      minmay_arrival_hallway, minivault_25, minmay_gold_behind_fungi,
          minmay_misc_feat_alley
D:2:      lemuel_doored_altar, grunt_dithmenos_smoke, roderic_malta_cross
D:3:      lemuel_blue_sif_altar, hex_tiny, st_stairs_3
D:4:      nicolae_overflow_crystal_walls, lemuel_crystal_altar,
          grunt_gozag_statues, temple_green, serial_shops, shop, first_bread,
          minmay_rat_hole

Skill      XL: |  1  2  3  4 |
---------------+-------------+-----
Long Blades    | 3 4 |  4.0
Dodging        | 3 |  3.3
Fighting       | |  3.8
Stealth        | |  1.7
Shields        | |  0.3

Action                   |  1- 3 |  4- 6 || total
-------------------------+-------+-------++-------
Melee: Falchion          |   132 |   122 ||   254
       Kick              |       |    27 ||    27
  Use: Potion            |     1 |       ||     1
       Scroll            |     1 |     2 ||     3
 Stab: Sleeping          |     6 |     1 ||     7
       Distracted        |     1 |       ||     1
  Eat: Chunk             |     3 |     3 ||     6
Armor: Robe              |    18 |    12 ||    30
Dodge: Dodged            |   110 |    61 ||   171
Block: Shield            |       |    44 ||    44
       Rpst.: Falchion   |    28 |    17 ||    45
